 Dungeon Crawl Stone Soup version 0.23-a0-296-ga3b1b28 (webtiles) character file.

18 iamserjio the Sneak (level 2, 0/18 HPs)
             Began as an Octopode Enchanter on Oct 5, 2018.
             Slain by a crimson imp (4 damage)
             ... on level 2 of the Dungeon.
             The game lasted 00:02:17 (288 turns).

iamserjio the Sneak (Octopode Enchanter)             Turns: 288, Time: 00:02:18

Health: 0/18       AC:  1    Str:  7    XL:     2   Next: 66%
Magic:  1/5        EV: 13    Int: 17    God:
Gold:   58         SH:  0    Dex: 12    Spells: 2/5 levels left

rFire    . . .     SeeInvis .   a - +1 dagger
rCold    . . .     Gourm    .   (no shield)
rNeg     . . .     Faith    .   (helmet restricted)
rPois    .         Spirit   .   (no amulet)
rElec    .         Reflect  .   (no ring)
rCorr    .         Harm     .   (no ring)
MR       .....                  (no ring)
Stlth    ++++......             (no ring)
HPRegen  0.06/turn              (no ring)
MPRegen  0.09/turn              (no ring)
                                (no ring)
                                (no ring)

@: no status effects
A: almost no armour, stealthy swim, amphibious, 8 rings, constrict 8, camouflage
1, gelatinous body 1
a: no special abilities


You were on level 2 of the Dungeon.
You were not hungry.

You visited 1 branch of the dungeon, and saw 3 of its levels.

You collected 58 gold pieces.

Inventory:

Hand Weapons
 a - a +1 dagger (weapon)
Missiles
 e - 13 arrows
Scrolls
 f - a scroll of identify {unknown}
Potions
 b - a potion of might {unknown}
 d - a potion of heal wounds {unknown}
Comestibles
 c - 4 rations


   Skills:
 + Level 0.8 Fighting
 - Level 1.0 Short Blades
 - Level 2.0 Dodging
 + Level 4.3 Stealth
 * Level 1.3 Unarmed Combat
 - Level 2.0 Spellcasting
 - Level 3.0 Hexes
 + Level 0.3 Ice Magic


You had 2 spell levels left.
You knew the following spells:

 Your Spells              Type           Power        Failure   Level  Hunger
a - Corona                Hex            ##.....      5%          1    #......
b - Ensorcelled Hibernat  Hex/Ice        #.....       16%         2    ###....

Your spell library contained the following spells:

 Spells                   Type           Power        Failure   Level  Hunger
 Confuse                  Hex            ##......     17%         3    ###....
 Tukima's Dance           Hex            ##......     17%         3    ###....
 Dazzling Spray           Conj/Hex       #.....       30%         3    ###....


Dungeon Overview and Level Annotations

Branches:
Dungeon (3/15)

Altars:


Innate Abilities, Weirdness & Mutations

You cannot wear most types of armour.
You are very stealthy in the water. (Stealth+)
You are amphibious.
You can wear up to eight rings at the same time.
You can use your tentacles to constrict eight enemies at once.
Your skin changes colour to match your surroundings (Stealth+).
Your rubbery body absorbs attacks. (AC +1, EV +1)


Message History

Casting: Ensorcelled Hibernation (safe; 16% risk of failure)
Aiming: Ensorcelled Hibernation (safe; 16% risk of failure)
Aim: a crimson imp (chance to defeat MR: 23%)
The crimson imp resists with almost no effort.
The crimson imp misses you.
Casting: Ensorcelled Hibernation (safe; 16% risk of failure)
You don't have enough magic to cast that spell.
You hit the crimson imp but do no damage.
Your grab misses the crimson imp. The crimson imp closely misses you.
You barely miss the crimson imp. Your grab misses the crimson imp.
The crimson imp closely misses you.
You completely miss the crimson imp. You grab the crimson imp.
You constrict the crimson imp, but do no damage.
The crimson imp hits you.
* * * LOW HITPOINT WARNING * * *
You hit the crimson imp.
You squeeze the crimson imp, but do no damage.
You constrict the crimson imp, but do no damage.
The crimson imp hits you.
You die...

####.####
#.......#######
#.#...)...#...##
#
#.....#......##..
#.###.(......g...
#. #.#(##.##.K..
.. ...#.# .# .
##.#####.# .#
#....@5.# .#
######### .# ..
..


You could see a crimson imp.

Vanquished Creatures
  A bat (D:2)
  4 goblins
  4 hobgoblins
  3 jackals (D:3)
  2 rats
14 creatures vanquished.

Notes
Turn   | Place    | Note
-------+----------+-------------------------------------------
     0 | D:1      | iamserjio the Octopode Enchanter began the quest for the
                  | Orb.
     0 | D:1      | Reached XP level 1. HP: 11/11 MP: 3/3
   127 | D:3      | Reached skill level 1 in Unarmed Combat
   127 | D:3      | Reached XP level 2. HP: 18/18 MP: 5/5
   131 | D:3      | Learned a level 2 spell: Ensorcelled Hibernation
   259 | D:2      | Noticed a crimson imp
   288 | D:2      | Slain by a crimson imp

Vault maps used:
D:1:      lemuel_arrival_rhombus, minmay_split_cup_small
D:2:      first_ration, uniq_crazy_yiuf_cottage
D:3:      overflow_temple_1_default, uniq_jessica

Skill      XL: |  1 |
---------------+----+-----
Unarmed Combat | 1 |  1.3
Fighting       | |  0.8
Short Blades   | |  1.0
Dodging        | |  2.0
Stealth        | |  4.3
Spellcasting   | |  2.0
Hexes          | |  3.0
Ice Magic      | |  0.3

Action                   || total
-------------------------++-------
Melee: Dagger            ||    40
       Constrict         ||    11
       Tentacles         ||     4
       Punch             ||     1
 Cast: Ensorcelled Hiber ||     2
 Stab: Sleeping          ||     4
Armor: Skin              ||     1
Dodge: Dodged            ||    23

Table legend:
 A = Non-vault XP
 B = Vault XP
 C = Vault XP percentage of total XP
 D = Non-vault monster count
 E = Vault monster count
 F = Vault count percentage of total count
                 A         B        C        D         E       F
            +---------+---------+-------+---------+---------+-------
      Total |      26 |       0 |   0.0 |      14 |       0 |   0.0
            +---------+---------+-------+---------+---------+-------
        D:1 |       3 |       0 |   0.0 |       2 |       0 |   0.0
        D:2 |      10 |       0 |   0.0 |       5 |       0 |   0.0
        D:3 |      13 |       0 |   0.0 |       7 |       0 |   0.0
            +---------+---------+-------+---------+---------+-------
